 Dungeon Crawl Stone Soup version 0.27-a0-1200-g94dc6ad4cf (console) character file.

Game seed: 15275975579596447981

358258 jejorda2 the Tortoise (level 22, -14/169 (175) HPs)
             Began as a Merfolk Berserker on June 1, 2021.
             Was the Champion of Trog.
             Demolished by a vault warden
             ... wielding a +0 great sword
              (19 damage)
             ... on level 5 of the Vaults.
             The game lasted 03:18:08 (47453 turns).

jejorda2 the Tortoise (Merfolk Berserker)          Turns: 47453, Time: 03:18:11

HP:   -14/169 (175) AC: 33    Str: 31    XL:     22   Next: 71%
MP:   22/22         EV: 14    Int: 11    God:    Trog [******]
Gold: 1359          SH: 18    Dex: 17    Spells: 21/21 levels left

rFire    . . .     SeeInvis .   a - +7 double sword {vorpal, *Slow rElec Str+3}
rCold    + . .     Faith    +   M - +2 kite shield {reflect}
rNeg     + . .     Spirit   .   Y - +17 crystal plate armour of Qisif {rC- Regen+ Str+3 Dex+4}
rPois    +         Reflect  +   s - +2 helmet
rElec    +         Harm     .   I - +1 cloak {rCorr}
rCorr    +         Rampage  +   d - +0 pair of gloves
Will     +++..                  e - +2 pair of boots {rampage}
Stlth    ..........             V - amulet of Hehehod {Faith Drain rElec Will++ Int+4}
HPRegen  1.38/turn              C - ring of protection from cold
MPRegen  0.18/turn              Q - ring "Rocsorch" {+Blink rPois rC+ rN+ Dex-2}

@: corroded, on berserk cooldown, slowed, lightly drained, very slow
A: (nimble swimmer 2), mertail
}: 1/15 runes: barnacled
a: Renounce Religion, Evoke Blink, Berserk, Trog's Hand, Brothers in Arms


You were on level 5 of the Vaults.
You worshipped Trog.
Trog was exalted by your worship.
You visited 6 branches of the dungeon, and saw 35 of its levels.
You also visited: Ossuary and Ice Cave.

You collected 6825 gold pieces.
You spent 5466 gold pieces at shops.

Inventory:

Hand Weapons
 a - the +7 double sword of Vengeance (weapon) {vorpal, *Slow rElec Str+3}
   (Trog gifted it to you on level 2 of the Orcish Mines)

   It inflicts extra damage upon your enemies.
   It affects your strength (+3).
   It insulates you from electricity.
   It may slow you when you take damage.
 b - a +6 scimitar of flaming
 w - the +3 scimitar of Frustration {antimagic, rF+}
   (Trog gifted it to you on level 4 of the Vaults)

   It reduces the magical energy of the wielder, and disrupts the spells and
   magical abilities of those hit.
   Natural abilities and divine invocations are not affected.
   It protects you from fire.
 T - a +4 eudemon blade of holy wrath
Missiles
 h - 93 poisoned darts
 t - 59 boomerangs (quivered)
 v - 5 curare-tipped darts
 x - 11 datura-tipped darts
 H - 14 throwing nets
 O - 35 javelins
 R - 39 silver javelins
Armour
 d - a +0 pair of gloves (worn)
 e - a +2 pair of boots of rampaging (worn)
 s - a +2 helmet (worn)
 I - a +1 cloak of preservation (worn)
 M - a +2 kite shield of reflection (worn)
 Y - the +17 crystal plate armour of Qisif (worn) {rC- Regen+ Str+3 Dex+4}
   (You bought it in a shop on level 1 of the Orcish Mines)

   It affects your strength (+3).
   It affects your dexterity (+4).
   It makes you vulnerable to cold.
   It increases your rate of health regeneration.
Jewellery
 u - the ring of the Echidna {Fly SInv}
   (You took it off a deep elf zephyrmancer on level 3 of the Elven Halls)

   [ring of flight]

   It lets you see invisible.
   It grants you flight.
 C - a ring of protection from cold (left hand)
 F - a ring of protection from fire
 Q - the ring "Rocsorch" (right hand) {+Blink rPois rC+ rN+ Dex-2}
   (You bought it in a shop on level 3 of the Elven Halls)

   [ring of protection from cold]

   It affects your dexterity (-2).
   It protects you from cold.
   It protects you from poison.
   It protects you from negative energy.
   It lets you blink.
 V - the amulet of Hehehod (around neck) {Faith Drain rElec Will++ Int+4}
   (You found it in an ice cave)

   [amulet of faith]

   It allows you to gain divine favour quickly.
   It affects your intelligence (+4).
   It insulates you from electricity.
   It drains your maximum health when unequipped.
   It greatly increases your willpower.
Wands
 l - a wand of acid (19)
 n - a wand of charming (35)
 o - a wand of iceblast (59)
 p - a wand of paralysis (22)
 q - a wand of polymorph (37)
 J - a wand of mindburst (23)
 N - a wand of flame (50)
 P - a wand of digging (4)
Scrolls
 f - 11 scrolls of teleportation
 i - a scroll of holy word
 y - 4 scrolls of magic mapping
 E - 3 scrolls of silence
 G - 4 scrolls of fog
 L - 2 scrolls of blinking
 W - 2 scrolls of summoning
 X - 19 scrolls of identify
Potions
 c - 5 potions of lignification
 g - 11 potions of curing
 j - a potion of haste
 k - 3 potions of mutation
 m - a potion of might
 A - 5 potions of heal wounds
 B - 7 potions of attraction
 D - 2 potions of cancellation
 Z - a potion of invisibility
Miscellaneous
 r - a lightning rod (4/4)
 S - a tin of tremorstones (1/2)
 U - a phial of floods


   Skills:
 + Level 15.2 Fighting
 - Level 8.4(13.5) Short Blades
 - Level 15.4(16.0) Long Blades
 - Level 16.0 Throwing
 * Level 17.1 Armour
 + Level 16.0 Dodging
 - Level 7.0 Stealth
 + Level 15.6 Shields
 - Level 9.0 Evocations


You had 21 spell levels left.
You didn't know any spells.
Your spell library was empty.

Dungeon Overview and Level Annotations

Branches:
Dungeon (15/15)            Temple (0/1) D:4            Lair (6/6) D:11
 Shoals (4/4) Lair:3       Spider (0/4) Lair:3        Slime (0/5) Lair:5
    Orc (2/2) D:9             Elf (3/3) Orc:2        Vaults (5/5) D:14
  Crypt (0/3) Vaults:2     Depths (0/5) D:15        Ossuary (visited)
  IceCv (visited)

Altars:
Ashenzari
Qazlal
Wu Jian
Beogh
Jiyva

Shops:
D:6 ?   Orc:1 [   Orc:2 *::*   Elf:3 [*=((   Shoals:1 =   Vaults:3 [
Vaults:4 :

Annotations:
D:3 1 runed translucent door, exclusion: door, Crazy Yiuf
Lair:4 2 transporters, flotson's ghost, journeyman GnFi; porpoise's ghost, journeyman DECj


Innate Abilities, Weirdness & Mutations

((You are quick and stealthy near water. (Stealth+, EV+, Speed+++)))
Your lower body shifts to a powerful aquatic tail in water.


Message History

The ghostly entropy weaver misses you.
The ghostly entropy weaver hits you but does no damage.
The deep elf death mage beckons forth a restless soul!
You miss the ghostly entropy weaver.
The ghostly entropy weaver hits you but does no damage.
You block the ghostly entropy weaver's attack.
The ghostly entropy weaver hits you but does no damage.
You block the ghostly entropy weaver's attack.
The vault warden hits you with a +0 great sword!!
* * * LOW HITPOINT WARNING * * *
You hit the ghostly entropy weaver.
The ghostly entropy weaver is lightly damaged.
You slice the ghostly entropy weaver!!
The ghostly entropy weaver is heavily damaged.
You block the ghostly entropy weaver's attack.
The ghostly entropy weaver hits you.
* * * LOW HITPOINT WARNING * * *
You block the ghostly entropy weaver's attack.
The ghostly entropy weaver barely misses you.
The vault warden hits you but does no damage.
You slash the ghostly entropy weaver!
The ghostly entropy weaver is severely damaged.
You hit the ghostly entropy weaver but do no damage.
The ghostly entropy weaver is severely damaged.
The ghostly entropy weaver misses you.
You block the ghostly entropy weaver's attack.
The ghostly entropy weaver hits you but does no damage. x2
You barely miss the ghostly entropy weaver.
The ghostly entropy weaver is severely damaged.
The vault warden hits you but does no damage.
You hit the ghostly entropy weaver but do no damage.
The ghostly entropy weaver is severely damaged.
The ghostly entropy weaver casts a spell at you.
You hit the ghostly entropy weaver.
The ghostly entropy weaver is severely damaged.
You are no longer berserk.
You are exhausted.
You feel yourself slow down.
The vault warden hits you with a +0 great sword!!
You die...

..... ....#....###. .... ##
.....#....# ).####..
###....X#....# .##.....
.##....# ...# ##..... ..##
#....# ### ..# #..# .!..#
..## †.# ))}}!*##p.# ..#
.[}=*eB@..# ..## |):):)##..#
#..### ((..###..##
#....#########....#..
##...)...........##..
.##.............##... ..#
..####.......####...# ..#
.....#########......# ...#
...(.)...............##....#


You could see a vault warden, a ghostly entropy weaver (empowered), a deep elf
death mage and 2 lost souls.

Vanquished Creatures
  Mara (Vaults:3)
  Mennas (Vaults:3)
  Boris (Vaults:3)
  Xtahua (Vaults:3)
  Frederick (Vaults:4)
  Jorgrun (Shoals:2)
  Rupert (D:13)
  Asterion (Vaults:2)
  2 titans (Vaults:5)
  A sphinx (Vaults:4)
  A deep elf master archer (Elf:3)
  An ancient champion (Vaults:2)
  2 deep elf blademasters (Elf:3)
  Polyphemus (Shoals:1)
  Agnes (Vaults:2)
  A tengu reaver (Vaults:3)
  Frances (Elf:1)
  3 azure jellies (IceCv)
  A storm dragon (Vaults:5)
  Donald (Vaults:4)
  A rockslime (IceCv)
  Roxanne (Shoals:2)
  A frost giant (Vaults:5)
  Ilsuiw (Shoals:2)
  Louise (Shoals:4)
  7 vault wardens
  3 orc warlords
  A fire giant (Vaults:3)
  A deep elf sorcerer (Elf:3)
  2 deep elf elementalists (Elf:3)
  20 ironbound preservers
  4 quicksilver oozes (IceCv)
  6 stone giants
  5 war gargoyles
  5 very ugly things
  A ghoul (Vaults:2)
  2 vampire knights (Vaults:2)
  6 deep elf demonologists
  4 dire elephants
  Azrael (Elf:1)
  9 deep elf annihilators
  Snorg (D:11)
  13 merfolk impalers
  4 deep elf death magi (Elf:3)
  6 merfolk javelineers
  2 crystal guardians (Vaults:4)
  2 ettins (Vaults:3)
  A fire dragon (D:14)
  16 yaktaur captains
  3 deep elf high priests
  3 great orbs of eyes
  Fannar (D:11)
  6 vault guards
  9 ironbound thunderhulks
  10 hydras
  4 catoblepae
  3 peacekeepers (Vaults:4)
  2 ogre magi
  4 boulder beetles
  5 ironbound frosthearts
  14 centaur warriors
  2 death knights
  Erica (D:11)
  8 merfolk avatars
  27 dancing weapons
  A deep troll shaman (Lair:6)
  7 merfolk aquamancers
  3 two-headed ogres
  4 satyrs
  5 tengu warriors
  2 alligator snapping turtles
  7 death yaks
  An orc high priest (Elf:1)
  3 ironbound beastmasters
  20 deep elf knights
  The ghost of robertstho the Spear-Bearer, a novice DrBe of Trog (D:8)
  Nergalle (Lair:3)
  11 sea snakes
  11 skeletal warriors
  50 deep trolls
  9 ironbound convokers
  7 wizards
  15 deep elf archers
  19 harpies
  23 deep elf zephyrmancers
  3 lindwurms (Vaults:2)
  2 phantasmal warriors (Vaults:3)
  41 deep elf pyromancers
  16 orc knights
  Pikel (D:7)
  An orc sorcerer (Orc:2)
  A mana viper (shapeshifter) (D:13)
  7 ugly things
  15 fauns
  22 manticores
  A moth of wrath (D:8)
  10 elephants
  13 merfolk sirens
  8 cyclopes
  2 black mambas
  A gargoyle (D:12)
  A torpor snail (Lair:6)
  14 vault sentinels
  8 water nymphs
  16 cane toads
  2 centaur skeletons (D:14)
  An ice statue (IceCv)
  5 rime drakes
  21 yaktaurs
  Maggie (Lair:2)
  8 komodo dragons
  An efreet (D:15)
  A kobold demonologist (D:11)
  2 freezing wraiths (D:15)
  6 trolls
  A polar bear (shapeshifter) (Elf:1)
  A polar bear (Lair:2)
  6 wind drakes
  31 merfolk
  A hornet (D:9)
  35 slime creatures
  32 blink frogs
  5 dream sheep
  12 snapping turtles
  4 air elementals
  2 spriggans
  A shadow (D:9)
  8 water elementals
  7 wyverns
  Sigmund (D:3)
  5 wraiths
  33 yaks
  5 basilisks
  A tarantella (Lair:3)
  7 fire elementals
  7 vampire mosquitoes
  A human (shapeshifter) (D:13)
  A steam dragon (D:4)
  A warg (Elf:1)
  2 acid dragons
  5 demonic crawler simulacra (IceCv)
  5 hell hounds (Elf:1)
  Duvessa (D:6)
  23 water moccasins
  2 ice beasts
  5 black bears
  8 ogres
  34 orc warriors
  6 boggarts
  3 ugly thing simulacra (IceCv)
  A necrophage (D:4)
  20 wolves
  19 centaurs
  A lemure (D:6)
  9 kobold brigands
  15 bullfrogs
  4 earth elementals
  5 gnoll sergeants
  2 glowing shapeshifter simulacra (IceCv)
  A wyvern zombie (D:7)
  Dowan (D:6)
  A scorpion (D:5)
  A hornet simulacrum (D:15)
  2 electric eels (D:11)
  5 howler monkeys
  A bullfrog zombie (D:6)
  A hound (D:7)
  4 centaur zombies
  2 human zombies (Ossuary)
  10 orc priests
  A bullfrog skeleton (D:7)
  Jessica (D:3)
  An iguana (D:5)
  23 orc wizards
  3 mummies (Ossuary)
  Robin (D:4)
  13 gnolls
  4 adders
  A white imp (D:8)
  3 adder zombies (Ossuary)
  A worm (D:5)
  3 dart slugs
  67 orcs
  11 bats
  8 endoplasms
  2 giant cockroaches
  2 gnoll zombies (Ossuary)
  17 goblins
  12 hobgoblins
  2 jackals (D:3)
  2 quokkas
  6 ball pythons
  2 frilled lizards (D:3)
  4 goblin zombies (Ossuary)
  3 hobgoblin zombies (Ossuary)
  6 jackal zombies (Ossuary)
  20 kobolds
  3 kobold zombies (Ossuary)
  2 orc zombies (Ossuary)
  3 quokka zombies (Ossuary)
  3 rats
  4 rat zombies (Ossuary)
  A butterfly (Lair:1)
1326 creatures vanquished.

Vanquished Creatures (collateral kills)
  Nikola (Shoals:3)
  A great orb of eyes (D:12)
  An ironbound thunderhulk (Vaults:4)
  A death knight (D:11)
  A merfolk avatar (Shoals:3)
  An alligator snapping turtle (Shoals:3)
  3 death yaks
  2 sea snakes (Shoals:3)
  2 deep trolls (Vaults:4)
  3 harpies (Shoals:3)
  A deep elf pyromancer (D:12)
  2 fauns (Shoals:2)
  An ugly thing (Vaults:3)
  A cyclops (Shoals:3)
  A manticore (D:12)
  A vault sentinel (Vaults:3)
  A merfolk (Shoals:2)
  2 dream sheep (Shoals:3)
  A snapping turtle (Shoals:3)
  A water moccasin (D:8)
  A black bear (D:8)
  An electric eel (Shoals:3)
30 creatures vanquished.

Vanquished Creatures (others)
  A deep elf master archer (Elf:3)
  A deep elf knight (Elf:2)
  A deep elf zephyrmancer (Elf:2)
  A manticore (Shoals:3)
  2 centaur skeletons (D:14)
  A water elemental (Elf:1)
  2 fire elementals
  A bat (Shoals:3)
  A bush (Lair:6)
  48 fungi
  95 plants
154 creatures vanquished.

Grand Total: 1510 creatures vanquished

Notes
Turn   | Place    | Note
-------+----------+-------------------------------------------
     0 | D:1      | jejorda2 the Merfolk Berserker began the quest for the Orb.
     0 | D:1      | Reached XP level 1. HP: 18/18 MP: 1/1
   291 | D:1      | Reached XP level 2. HP: 24/24 MP: 2/2
   801 | D:1      | Reached XP level 3. HP: 17/29 MP: 3/3
  1463 | D:2      | Found an ornate altar of the Wu Jian Council.
  1899 | D:2      | Reached skill level 2 in Armour
  1899 | D:2      | Reached XP level 4. HP: 28/37 MP: 4/4
  2032 | D:2      | Reached ** piety under Trog
  2328 | D:3      | Noticed Sigmund
  2339 | D:3      | Killed Sigmund
  2340 | D:3      | Reached skill level 5 in Long Blades
  2340 | D:3      | Reached XP level 5. HP: 35/43 MP: 5/5
  2340 | D:3      | Reached XP level 6. HP: 40/49 MP: 6/6
  2829 | D:3      | Found a faded altar of an unknown god.
  2857 | D:3      | Noticed Jessica
  2860 | D:3      | Killed Jessica
  3288 | D:3      | Found a runed translucent door.
  3289 | D:3      | Noticed Crazy Yiuf
  3602 | D:4      | Identified the +3 falchion "Wufred" {drain, rC++ rN+
                  | Stlth+}
  3838 | D:4      | Found a staircase to the Ecumenical Temple.
  3862 | D:4      | Noticed Robin
  3887 | D:4      | Reached skill level 5 in Fighting
  4018 | D:4      | Reached *** piety under Trog
  4023 | D:4      | Killed Robin
  4099 | D:4      | Noticed a necrophage
  4103 | D:4      | Killed a necrophage
  4104 | D:4      | Reached skill level 1 in Short Blades
  4104 | D:4      | Reached skill level 3 in Armour
  4104 | D:4      | Reached XP level 7. HP: 50/56 MP: 7/7
  4136 | D:4      | Noticed a steam dragon
  4144 | D:4      | Killed a steam dragon
  4721 | D:5      | Entered Level 5 of the Dungeon
  5074 | D:5      | You fall into a shaft and drop 3 floors!
  5151 | D:6      | Identified a scroll of acquirement
  5151 | D:6      | Acquired the ring "Oneawi" {rElec rC+ rCorr EV+4}
  5157 | D:6      | Found a sand-covered staircase.
  5165 | D:6      | Identified the +7 falchion of Doom {distort, rF+}
  5169 | Ossuary  | Entered an ossuary
  5219 | Ossuary  | Reached XP level 8. HP: 63/64 MP: 8/8
  5251 | Ossuary  | Acquired 1007 gold pieces
  5362 | Ossuary  | Reached **** piety under Trog
  5879 | D:5      | Reached skill level 5 in Short Blades
  5923 | D:5      | Reached skill level 1 in Stealth
  6484 | D:6      | Found a broken altar of Ashenzari.
  6577 | D:6      | Found Qiepoytz's Magic Scroll Shop.
  6577 | D:6      | Noticed Dowan
  6577 | D:6      | Noticed Duvessa
  6597 | D:6      | Killed Duvessa
  6611 | D:6      | Killed Dowan
  6612 | D:6      | Reached skill level 4 in Armour
  6715 | D:6      | Bought a scroll of magic mapping for 49 gold pieces
  7162 | D:7      | Noticed Pikel
  7172 | D:7      | Killed Pikel
  7173 | D:7      | Reached XP level 9. HP: 52/69 MP: 9/9
  8189 | D:8      | Found a transporter.
  8197 | D:8      | Noticed robertstho's ghost (novice DrBe)
  8227 | D:8      | Reached skill level 5 in Armour
  8288 | D:8      | Found a transporter.
  8312 | D:8      | Noticed a moth of wrath
  8635 | D:8      | Killed a moth of wrath
  8642 | D:8      | Reached XP level 10. HP: 76/76 MP: 7/10
  8643 | D:8      | Killed robertstho's ghost
  8644 | D:8      | Reached skill level 6 in Armour
  8724 | D:9      | Reached skill level 10 in Long Blades
  9082 | D:9      | Found a staircase to the Orcish Mines.
  9152 | D:9      | Reached ***** piety under Trog
  9359 | D:9      | Reached skill level 1 in Shields
  9963 | D:10     | Entered Level 10 of the Dungeon
 10095 | D:10     | Reached XP level 11. HP: 69/81 MP: 11/11
 10144 | D:10     | Identified the ring "Neetuatt" {MP+9 Slay+2}
 11069 | D:11     | Found a staircase to the Lair.
 11177 | D:11     | Reached skill level 5 in Shields
 11221 | D:11     | Noticed a death knight
 11226 | D:11     | Killed a death knight
 11227 | D:11     | Noticed Erica
 11232 | D:11     | Killed Erica
 11314 | D:11     | Reached skill level 5 in Dodging
 11410 | D:11     | Noticed Fannar
 11427 | D:11     | Killed Fannar
 11686 | D:11     | Noticed Snorg
 11698 | D:11     | Killed Snorg
 11698 | D:11     | Received a gift from Trog
 11699 | D:11     | Reached skill level 1 in Throwing
 11765 | D:11     | Found a stormy altar of Qazlal.
 11767 | D:11     | You fall into a shaft and drop 1 floor!
 12094 | D:12     | Noticed a manticore
 12110 | D:12     | Killed a manticore
 12299 | D:12     | Noticed a deep elf pyromancer
 12299 | D:12     | Noticed a white ugly thing
 12302 | D:12     | Noticed an eight-headed hydra
 12394 | D:12     | Noticed a cyclops
 12406 | D:12     | Killed a cyclops
 12407 | D:12     | Reached XP level 12. HP: 31/89 MP: 12/12
 12694 | D:12     | Noticed a great orb of eyes
 12707 | D:12     | Killed a great orb of eyes
 13594 | Lair:1   | Entered Level 1 of the Lair of Beasts
 13627 | Lair:1   | Noticed a seven-headed hydra
 13645 | Lair:1   | Killed a seven-headed hydra
 14019 | Lair:1   | Reached skill level 5 in Throwing
 14209 | Lair:1   | HP: 4/94 [cane toad (14)]
 15240 | Lair:1   | You fall into a shaft and drop 1 floor!
 15367 | Lair:2   | Reached XP level 13. HP: 96/101 MP: 13/13
 15629 | Lair:1   | Reached skill level 15 in Long Blades
 15740 | Lair:2   | Received a gift from Trog
 15973 | Lair:2   | Reached skill level 10 in Fighting
 16839 | Lair:2   | Noticed Maggie
 16850 | Lair:2   | Killed Maggie
 17624 | Lair:3   | Received a gift from Trog
 17993 | Lair:3   | Noticed Nergalle
 18003 | Lair:3   | Killed Nergalle
 18061 | Lair:3   | Found a hole to the Spider Nest.
 18387 | Lair:3   | Found a staircase to the Shoals.
 19043 | Lair:4   | Found a transporter.
 19276 | Lair:4   | Found a transporter.
 19398 | Lair:4   | Noticed flotson's ghost (journeyman GnFi)
 19400 | Lair:4   | Noticed porpoise's ghost (journeyman DECj)
 19847 | Lair:5   | Reached XP level 14. HP: 111/115 MP: 14/14
 19931 | Lair:5   | Reached skill level 1 in Evocations
 20082 | Lair:5   | Reached skill level 10 in Throwing
 20472 | Lair:5   | Acquired a +2 kite shield of reflection
 20503 | Lair:5   | Found a viscous altar of Jiyva.
 20503 | Lair:5   | Found a staircase to the Slime Pits.
 20873 | Lair:6   | Entered Level 6 of the Lair of Beasts
 21485 | Lair:6   | Received a gift from Trog
 23044 | D:13     | Reached skill level 5 in Evocations
 23833 | D:13     | Reached XP level 15. HP: 113/120 MP: 12/15
 23856 | D:13     | Noticed Rupert
 23871 | D:13     | Killed Rupert
 24038 | Orc:1    | Entered Level 1 of the Orcish Mines
 24438 | Orc:1    | Found Gimav's Armour Shoppe.
 24679 | Orc:2    | Entered Level 2 of the Orcish Mines
 24682 | Orc:2    | Found a staircase to the Elven Halls.
 24747 | Orc:2    | Found Hiemuy's Assorted Antiques.
 25086 | Orc:2    | Reached ****** piety under Trog
 25507 | Orc:2    | Reached skill level 10 in Shields
 25693 | Orc:2    | Identified the +7 double sword of Vengeance {vorpal, *Slow
                  | rElec Str+3} (Trog gifted it to you on level 2 of the
                  | Orcish Mines)
 25693 | Orc:2    | Received a gift from Trog
 25821 | Orc:2    | Found Fiudet's Book Emporium.
 25821 | Orc:2    | Found Zajabok's Assorted Antiques.
 25821 | Orc:2    | Found Mammask's Antique Armour Shop.
 25824 | Orc:2    | Found Inanil's Book Shoppe.
 25829 | Orc:2    | Bought a scroll labelled ZOFO CYUHUGHUI for 33 gold pieces
 26014 | Orc:1    | Bought the +17 crystal plate armour of Qisif {rC- Regen+
                  | Str+3 Dex+4} for 2224 gold pieces
 26582 | D:14     | Identified the +0 cloak of Gallantry {rElec Dex+5}
 26655 | D:14     | Received a gift from Trog
 26875 | D:14     | Found a gate to the Vaults.
 26988 | D:15     | Entered Level 15 of the Dungeon
 27808 | D:15     | Reached XP level 16. HP: 127/127 MP: 16/16
 27810 | D:15     | Found a staircase to the Depths.
 28692 | Shoals:1 | Entered Level 1 of the Shoals
 28827 | Shoals:1 | Received a gift from Trog
 29175 | Shoals:1 | Found Buveebiong's Jewellery Emporium.
 29668 | Shoals:2 | Noticed Ilsuiw
 29700 | Shoals:2 | Killed Ilsuiw
 30240 | Shoals:2 | Noticed Jorgrun
 30241 | Shoals:2 | Noticed Roxanne
 30329 | Shoals:2 | Received a gift from Trog
 30543 | Shoals:2 | Noticed Polyphemus
 30614 | Shoals:1 | Killed Polyphemus
 30615 | Shoals:1 | Reached skill level 15 in Shields
 30736 | Shoals:2 | Reached skill level 7 in Armour
 31380 | Orc:2    | Bought a scroll of acquirement for 1456 gold pieces
 31381 | Orc:2    | Acquired 1206 gold pieces
 31818 | Shoals:2 | Reached XP level 17. HP: 130/133 MP: 17/17
 31975 | Shoals:2 | Killed Jorgrun
 31976 | Shoals:2 | Reached skill level 8 in Armour
 32177 | Shoals:2 | Killed Roxanne
 32941 | Shoals:4 | Entered Level 4 of the Shoals
 32947 | Shoals:3 | Received a gift from Trog
 32963 | Shoals:3 | Noticed Nikola
 32970 | Shoals:3 | Killed Nikola
 33001 | Shoals:3 | Found a frozen archway.
 33014 | IceCv    | Entered an ice cave
 33241 | IceCv    | Reached skill level 9 in Armour
 33254 | IceCv    | Found a viscous altar of Jiyva.
 33384 | IceCv    | Identified the +0 robe "Tutik" {rF++ Str+2 Dex-3}
 33385 | IceCv    | Identified the Collected Works on Cold
 33388 | IceCv    | Identified the Compendium of Ice
 33559 | IceCv    | Identified the amulet of Hehehod {Faith Drain rElec Will++
                  | Int+4}
 34658 | Shoals:4 | Reached skill level 10 in Dodging
 34729 | Shoals:4 | Reached skill level 10 in Armour
 34798 | Shoals:4 | Noticed Louise
 34856 | Shoals:4 | Killed Louise
 34856 | Shoals:4 | Identified the +4 quick blade "Liosm" {vorpal, rElec Str+7
                  | Int-5} (Trog gifted it to you on level 4 of the Shoals)
 34856 | Shoals:4 | Received a gift from Trog
 34931 | Shoals:3 | Reached XP level 18. HP: 138/140 MP: 13/18
 35817 | Shoals:4 | Received a gift from Trog
 35835 | Shoals:4 | Got a barnacled rune of Zot
 36165 | Elf:1    | Entered Level 1 of the Elven Halls
 36211 | Elf:1    | Reached skill level 11 in Armour
 36394 | Elf:1    | Noticed Azrael
 36407 | Elf:1    | Killed Azrael
 36495 | Elf:1    | Noticed Frances
 36511 | Elf:1    | Killed Frances
 36949 | Elf:1    | Received a gift from Trog
 37043 | Elf:1    | Reached skill level 15 in Throwing
 37449 | Elf:2    | Reached XP level 19. HP: 143/144 MP: 19/19
 37559 | Elf:2    | Received a gift from Trog
 37709 | Elf:2    | Reached skill level 12 in Armour
 37857 | Elf:2    | Found a runed translucent gate.
 37857 | Elf:2    | Found a runed translucent gate.
 37866 | Elf:2    | Found a runed translucent gate.
 38572 | Elf:3    | Entered Level 3 of the Elven Halls
 38642 | Elf:3    | Received a gift from Trog
 38771 | Elf:3    | Found Tudikhur's Antique Weapon Shoppe.
 38952 | Elf:3    | Found Bacs's Weapon Shop.
 39079 | Elf:3    | Found Xaiby's Jewellery Boutique.
 39088 | Elf:3    | Found Viskorom's General Store.
 39192 | Elf:3    | Found Iraut's Antique Armour Boutique.
 39195 | Elf:3    | Bought a glowing cloak for 142 gold pieces
 39195 | Elf:3    | Bought a pair of runed boots for 142 gold pieces
 39195 | Elf:3    | Bought a pair of glowing boots for 142 gold pieces
 39195 | Elf:3    | Bought an embroidered cloak for 142 gold pieces
 39386 | Elf:3    | Noticed a Tzitzimitl
 39646 | Elf:3    | Identified the ring of the Echidna {Fly SInv}
 39690 | Elf:3    | Noticed a Hell Sentinel
 39779 | Elf:3    | Identified the +6 battleaxe "Uveys" {spect, rC+ rN+ Will+
                  | Int+4}
 40026 | Elf:3    | Reached skill level 5 in Stealth
 40169 | Elf:3    | Identified the +5 executioner's axe of Prescription
                  | {antimagic, Will+ Str+4 Dex+3}
 40289 | Elf:3    | Found the +8 demon trident "Rift" {distort, reach+}
 40292 | Elf:3    | Identified the +9 dagger of Feyg {flame, *Slow Will+++
                  | rCorr}
 40326 | Elf:3    | Identified the +5 rapier "Iqonuipn" {speed, Stlth+}
 40333 | Elf:3    | Received a gift from Trog
 40334 | Elf:3    | Reached XP level 20. HP: 154/154 MP: 20/20
 40372 | Elf:3    | Identified the +9 short sword "Ogre's Foe" {speed, SInv}
 40516 | Elf:3    | Bought the ring "Rocsorch" {+Blink rPois rC+ rN+ Dex-2} for
                  | 604 gold pieces
 40547 | Elf:3    | Bought a heavily runed plate armour for 532 gold pieces
 40547 | Elf:3    | Identified the +2 plate armour "Qiraliter" {Rampage Will+
                  | Dex+2 Stlth+} (You bought it in a shop on level 3 of the
                  | Elven Halls)
 40848 | Vaults:1 | Entered Level 1 of the Vaults
 41479 | Vaults:1 | Acquired a manual of Armour
 41532 | Vaults:1 | Reached skill level 13 in Armour
 42629 | Vaults:2 | Received a gift from Trog
 42731 | Vaults:2 | Reached skill level 14 in Armour
 43047 | Vaults:2 | Found a staircase to the Crypt.
 43329 | Vaults:2 | Noticed Agnes
 43329 | Vaults:2 | Noticed Asterion
 43350 | Vaults:2 | Killed Agnes
 43373 | Vaults:2 | Killed Asterion
 43684 | Vaults:2 | Reached skill level 15 in Armour
 43848 | Vaults:2 | Received a gift from Trog
 43853 | Vaults:2 | Reached XP level 21. HP: 93/162 MP: 21/21
 44110 | Vaults:3 | Noticed Mennas
 44145 | Vaults:2 | Reached skill level 16 in Armour
 44240 | Vaults:3 | Killed Mennas
 44250 | Vaults:3 | Received a gift from Trog
 44392 | Vaults:3 | Noticed Mara
 44400 | Vaults:3 | Noticed jejorda2's illusion
 44425 | Vaults:3 | Killed Mara
 44524 | Vaults:3 | Noticed Xtahua
 44546 | Vaults:3 | Killed Xtahua
 44722 | Vaults:3 | Noticed Boris
 44739 | Vaults:3 | Killed Boris
 45015 | Vaults:3 | Found Pesoq's Armour Shop.
 45551 | Vaults:4 | Found Nekes's Book Shop.
 45620 | Vaults:4 | Noticed Donald
 45655 | Vaults:4 | Killed Donald
 45656 | Vaults:4 | Reached skill level 15 in Dodging
 45660 | Vaults:4 | Reached XP level 22. HP: 132/173 MP: 22/22
 46080 | Vaults:4 | Identified the +3 scimitar of Frustration {antimagic, rF+}
                  | (Trog gifted it to you on level 4 of the Vaults)
 46080 | Vaults:4 | Received a gift from Trog
 46520 | Vaults:4 | Noticed Frederick
 46529 | Vaults:4 | Killed Frederick
 46976 | Vaults:4 | Reached skill level 15 in Fighting
 47055 | Vaults:5 | Entered Level 5 of the Vaults
 47055 | Vaults:5 | Noticed a golden dragon
 47086 | Vaults:5 | Reached skill level 17 in Armour
 47087 | Vaults:5 | Received a gift from Trog
 47446 | Vaults:5 | HP: 8/253 [vault warden/+0 great sword (26)]
 47453 | Vaults:5 | Demolished by a vault warden

Illustrated notes

Levels and vault maps discovered:
D:1:      wheals_arrival_linesprint, layout_basic, minmay_pentomino_r4
D:2:      layout_basic, basic_altar, minmay_cupped
D:3:      layout_loops_ring, chequers_ecumenical_altar_simple, uniq_sigmund,
          uniq_jessica, uniq_crazy_yiuf_cottage
D:4:      layout_basic, minmay_temple_entry_stoned_glass, uniq_robin
D:5:      layout_basic, sigmund_army
D:6:      layout_loops_ring, overflow_temple_1_default, serial_shops,
          nicolae_shop_stone, enter_ossuary_3, chequers_serial_rivers_large_a,
          uniq_duvessa
D:7:      layout_gridville, kennysheep_big_empty_room, uniq_pikel
D:8:      layout_rooms, gammafunk_ghost_berserking_beasts
D:9:      layout_rooms, kennysheep_orc_monster_closet_entryway, serial_aquarium,
          aquarium_bridge_square [aquarium_subvault_balcony,
          aquarium_subvault_balcony, aquarium_subvault_bridge,
          aquarium_subvault_wall], aquarium_bridge_long_joined
          [aquarium_subvault_balcony, aquarium_subvault_wall,
          aquarium_subvault_window, aquarium_subvault_bridge,
          aquarium_subvault_bridge, aquarium_subvault_wall], aquarium_window_2,
          aquarium_window_1, aquarium_window_fake, aquarium_view_2c,
          aquarium_balcony_5a
D:10:     layout_stronghold
D:11:     layout_basic, david_lair_generic, chequers_serial_rivers_small_a,
          grunt_qazlal_sundering, uniq_erica, uniq_fannar, uniq_snorg
D:12:     layout_long_grid, lightli_fourway_metalbox
D:13:     layout_rooms, minmay_misc_feat_cross, uniq_rupert
D:14:     layout_roguey, hangedman_vaults_entry_quadrant_bands,
          hangedman_decor_opposing
D:15:     grunt_enter_depths_snipers, layout_loops_ring,
          serial_co_window_serial, co_window_paths_a, co_window_paths_a,
          co_window_of_opportunity_a, co_window_paths_b, co_window_corner_a,
          co_window_2corner, co_window_unsneaky_path_d,
          co_window_unsneaky_path_c, co_window_corner_b,
          co_window_unsneaky_path_d, co_window_paths_e, glass_columns_a,
          minmay_misc_feat_roman, chequers_avenue, drop_trap
Lair:1:   layout_hall_layers, lemuel_fruit_fields
Lair:2:   layout_roguey, grunt_forest_stairs_clearing, grunt_megastairs_1,
          uniq_maggie
Lair:3:   layout_chaotic_city, shoals_dummy_entry, spider_nest_entry_rubble,
          serial_bayou_pond_d, uniq_nergalle
Lair:4:   layout_hall_layers, nzn_ghost_randoct, wad_woods_03,
          grunt_megastairs_2
Lair:5:   layout_regular_city, dpeg_slime_entry_enclosed_altar,
          serial_bayou_shore_b
Lair:6:   grunt_lair_end_beastmaster, layout_regular_city,
          infiniplex_staircase_pool_2
Shoals:1: layout_shoals, serial_shops, nicolae_shop_waterfront
Shoals:2: layout_shoals, uniq_ilsuiw, uniq_roxanne, uniq_jorgrun,
          uniq_polyphemus
Shoals:3: layout_shoals, portal_ice_cave_entry_pillars_1,
          nicolae_shoals_siren_and_animal_friends, uniq_nikola
Shoals:4: shoals_end_simple, layout_shoals, shoals_ilsuiw_ice, uniq_louise
Orc:1:    layout_diamond_mine, serial_shops, nicolae_shop_waterfront
Orc:2:    st_orc_rangers, layout_caves, serial_shops, shop, mines2_david
Elf:1:    minmay_elf_arrival_circle, layout_geoelf_grid, evilmike_minifort,
          uniq_frances, uniq_azrael
Elf:2:    layout_rooms
Elf:3:    elf_hall, layout_geoelf_octagon, serial_shops, shop, shop_fountains,
          shop, nicolae_shop_trees, shop, st_stairs_10, grunt_megastairs_4
Vaults:1: vaults_room_ringed_pool, nicolae_vaults_asterisk, vaults_room_fours,
          v_alt_pattern_3, v_misc_3, hangedman_vaults_stagger, v_misc_25,
          nicolae_vaults_theta, vaults_room_door_ring,
          nicolae_vaults_network_barrier, vaults_room_door_ring,
          layout_vaults_ring
Vaults:2: v_misc_28, v_misc_3, hangedman_vaults_capsules,
          grunt_vaults_trifunnel, grunt_vaults_bifocal, sword_in_stone,
          minmay_crypt_entry_simple_box, nicolae_vaults_network_square,
          v_misc_28, vaults_mumra_chevron_long, v_misc_17, vaults_mumra_lcd,
          ontoclasm_vaults_ring_square, nicolae_vaults_rhombus_6,
          layout_vaults_maze_bifur
Vaults:3: hangedman_vaults_variations, vaults_dpeg_doors,
          dpeg_vaults_pockets_of_resistance, vaults_room_octagon,
          nicolae_vaults_circle_grid_a, ontoclasm_vaults_misaligned,
          ontoclasm_vaults_ligature, hangedman_vaults_cutoff,
          vaults_room_door_hall, hangedman_vaults_corner, v_alt_pattern_2,
          v_misc_1, v_misc_17, vaults_room_grid, ontoclasm_vaults_idyll,
          layout_vaults_omnibox, serial_shops, nicolae_shop_statue_plus,
          uniq_boris, uniq_xtahua, uniq_mara, uniq_mennas
Vaults:4: ontoclasm_vaults_tryst, vaults_mumra_minichess_inversion,
          hangedman_vaults_corner_blocks, v_misc_33,
          nicolae_vaults_puzzle_piece, ontoclasm_vaults_eye,
          nicolae_vaults_yaktaur_gun_rack, v_misc_26, hangedman_vaults_impose,
          ontoclasm_vaults_decontamination, layout_vaults_chaotic_city,
          serial_shops, shop, uniq_frederick, uniq_donald, uniq_margery
Vaults:5

Skill      XL: |  1  2  3  4  5  6  7  8  9 10 11 12 13 14 15 16 17 18 19 20 21 22 |
---------------+-------------------------------------------------------------------+-----
Long Blades    | 4 5 6 7 8 12 13 14 15 | 15.4
Armour         | 2 3 4 5 6 7 10 11 12 15 16 17 | 17.1
Fighting       | 4 5 6 9 12 13 14 15 | 15.2
Short Blades   | 1 4 7 8 |  8.4
Stealth        | 3 5 7 |  7.0
Shields        | 3 5 7 13 15 | 15.6
Dodging        | 6 10 11 12 13 15 16 | 16.0
Throwing       | 2 6 9 12 13 15 16 | 16.0
Evocations     | 5 6 7 9 |  9.0

Action                   |  1- 3 |  4- 6 |  7- 9 | 10-12 | 13-15 | 16-18 | 19-21 | 22-24 || total
-------------------------+-------+-------+-------+-------+-------+-------+-------+-------++-------
Melee: Falchion          |    51 |       |       |       |       |       |       |       ||    51
       Long sword        |    39 |   158 |       |       |       |    83 |       |       ||   280
       Dagger            |       |     3 |   311 |   835 |    98 |       |       |       ||  1247
       Scimitar          |       |       |       |     5 |   956 |       |    38 |       ||   999
       Tailslap          |       |       |       |     1 |     1 |    92 |       |       ||    94
       Double sword      |       |       |       |       |   255 |  1102 |  1254 |   380 ||  2991
       Eudemon blade     |       |       |       |       |       |       |    33 |       ||    33
Throw: Dart              |       |     5 |    29 |    47 |   116 |    10 |    12 |     1 ||   220
       Boomerang         |       |       |    10 |     1 |    15 |   206 |    12 |     7 ||   251
       Throwing net      |       |       |       |       |     1 |       |       |       ||     1
       Javelin           |       |       |       |       |       |    43 |    53 |       ||    96
Invok: Berserk           |     1 |     2 |     4 |     5 |    10 |     8 |     7 |     3 ||    40
       Trog's Hand       |       |     2 |     1 |     6 |     7 |     7 |     6 |     2 ||    31
       Brothers in Arms  |       |       |     1 |     2 |     2 |     5 |     5 |     1 ||    16
Evoke: Wand              |       |       |       |       |     1 |     8 |     5 |       ||    14
       Phial of floods   |       |       |       |       |       |     2 |       |       ||     2
       Lightning rod     |       |       |       |       |       |     4 |     4 |       ||     8
       Tin of tremorston |       |       |       |       |       |     3 |     3 |     1 ||     7
  Use: Scroll            |       |       |    18 |     7 |     8 |     9 |     2 |     1 ||    45
       Potion            |       |       |       |     2 |     1 |     3 |     1 |       ||     7
 Stab: Petrified         |       |       |       |       |     8 |       |       |       ||     8
       Petrifying        |       |       |       |       |     4 |       |       |       ||     4
       Invisible         |       |       |       |       |     3 |       |       |       ||     3
       Distracted        |       |       |       |       |       |       |     1 |       ||     1
       Held in net/web   |       |       |       |       |       |       |       |     1 ||     1
Armor: Animal skin       |     2 |       |       |       |       |       |       |       ||     2
       Scale mail        |    31 |     6 |       |       |       |       |       |       ||    37
       Plate armour      |       |    89 |     5 |   261 |   407 |       |       |       ||   762
       Chain mail        |       |       |   118 |    45 |       |       |       |       ||   163
       Crystal plate arm |       |       |       |       |   149 |   689 |   568 |   173 ||  1579
Dodge: Dodged            |    52 |    48 |   139 |   237 |   445 |   477 |   378 |   153 ||  1929
Block: Buckler           |       |       |       |    90 |   151 |       |       |       ||   241
       Kite shield       |       |       |       |       |   358 |   871 |   825 |   293 ||  2347
       Reflection        |       |       |       |       |    63 |       |    25 |    18 ||   106
       Rpst.: Falchion   |    14 |       |       |       |       |       |       |       ||    14
       Long sword        |     5 |     8 |       |       |       |     6 |       |       ||    19
       Scimitar          |       |       |       |     1 |    91 |       |     1 |       ||    93
       Double sword      |       |       |       |       |    14 |    87 |    72 |    29 ||   202

Table legend: (Time is in decaauts)
 A = Elapsed time spent in this place.
 B = Non-inter-level travel time spent in this place.
 C = Inter-level travel time spent in this place.
 D = Time resting spent in this place.
 E = Time spent auto-exploring this place.
 F = Levels seen in this place.
 G = Mean time per level.
                   A        B        C        D        E       F      G
               +--------+--------+--------+--------+--------+-----+--------+
         Total |  44818 |  41535 |   3283 |   3229 |  28756 |  37 | 1211.3 |
       Dungeon |  17687 |  16337 |   1350 |    754 |  13012 |  15 | 1179.1 |
          Lair |   9036 |   8397 |    639 |    745 |   6336 |   6 | 1506.0 |
        Shoals |   4947 |   4587 |    360 |    643 |   2047 |   4 | 1236.8 |
  Orcish Mines |   1869 |   1700 |    169 |      7 |   1249 |   2 |  934.5 |
   Elven Halls |   4279 |   3902 |    377 |    741 |   1829 |   3 | 1426.3 |
        Vaults |   6127 |   5741 |    386 |    338 |   3823 |   5 | 1225.4 |
       Ossuary |    275 |    275 |      0 |      0 |    130 |   1 |  275.0 |
      Ice Cave |    595 |    595 |      0 |      0 |    328 |   1 |  595.0 |
               +--------+--------+--------+--------+--------+-----+--------+

Top non-repeatable levels by time:
Shoals:2: 2091 daAuts
   Elf:3: 1966 daAuts
  Lair:2: 1833 daAuts
  Lair:6: 1778 daAuts
    D:11: 1760 daAuts
  Lair:1: 1738 daAuts
Vaults:2: 1570 daAuts
     D:9: 1556 daAuts
    D:15: 1539 daAuts
Vaults:4: 1504 daAuts
     D:1: 1480 daAuts
  Lair:3: 1428 daAuts
Vaults:3: 1417 daAuts
   Orc:2: 1394 daAuts
     D:4: 1342 daAuts
